 Dungeon Crawl Stone Soup version 0.20.1-1-g8b1a95d (webtiles) character file.

2450 Savaroth the Fighter (level 9, -11/129 HPs)
             Began as a Minotaur Berserker on July 24, 2017.
             Was an Elder of Trog.
             Mangled by Gastronok (28 damage)
             ... on level 8 of the Dungeon.
             The game lasted 00:23:42 (5581 turns).

Savaroth the Fighter (Minotaur Berserker)           Turns: 5581, Time: 00:23:43

Health: -11/129    AC:  8    Str: 26    XL:     9   Next: 25%
Magic:  8/8        EV: 11    Int:  4    God:    Trog [****..]
Gold:   411        SH:  0    Dex: 14    Spells: 8/8 levels left

rFire    + + .     SeeInvis .   a - +1 hand axe
rCold    + . .     Gourm    .   (no shield)
rNeg     . . .     Faith    .   v - +0 chain mail {rF+}
rPois    .         Spirit   .   (helmet restricted)
rElec    .         Reflect  .   B - scarf {rC+ rF+}
rCorr    .         Harm     .   (no gloves)
MR       +....                  (no boots)
Stlth    ..........             (no amulet)
Regen    0.4/turn               K - ring of stealth
MPRegen  0.2/turn               G - ring of protection from magic

@: berserking, very quick
A: retaliatory headbutt, horns 2
a: Berserk, Trog's Hand, Brothers in Arms, Burn Spellbooks, Renounce Religion


You were on level 8 of the Dungeon.
You worshipped Trog.
Trog was greatly pleased with you.
You were not hungry.

You visited 1 branch of the dungeon, and saw 8 of its levels.

You collected 411 gold pieces.

Inventory:

Hand Weapons
 a - a +1 hand axe (weapon)
Armour
 j - a +0 chain mail
 v - a +0 chain mail of fire resistance (worn)
 z - the cursed +1 ring mail of the Louse {Str+3 Stlth+}
   (You found it on level 4 of the Dungeon)

   It affects your strength (+3).
   It makes you more stealthy.
   It has a curse placed upon it.
 B - a scarf of resistance (worn)
Jewellery
 u - an uncursed ring of protection from fire
 A - an uncursed ring of resist corrosion
 G - a ring of protection from magic (right hand)
 K - a ring of stealth (left hand)
 N - an uncursed ring of protection from cold
Wands
 r - a wand of acid (12/15)
 t - a wand of paralysis (16/24)
 D - a wand of flame (35/48)
 J - a wand of iceblast (5/15)
Scrolls
 e - a scroll of fog
 f - a scroll of recharging {unknown}
 k - 3 scrolls of amnesia {unknown}
 l - a scroll of teleportation
 m - 2 scrolls of immolation
 n - 3 scrolls of enchant weapon
 w - 4 scrolls of identify
 y - a scroll of blinking {unknown}
 C - a scroll of random uselessness {unknown}
 E - a scroll of noise {unknown}
 F - 4 scrolls of remove curse {unknown}
 I - 2 scrolls of magic mapping {unknown}
 M - a scroll of vulnerability {unknown}
Potions
 b - 3 potions of flight {unknown}
 d - a potion of haste {unknown}
 h - a potion of ambrosia {unknown}
 i - a potion of magic {unknown}
 o - 2 potions of curing {unknown}
 p - a potion of degeneration {unknown}
 q - 3 potions of heal wounds {unknown}
 x - a potion of might {unknown}
 H - a potion of resistance {unknown}
Comestibles
 c - 2 bread rations
 g - 3 meat rations
 s - 2 royal jellies


   Skills:
 + Level 10.4 Fighting
 + Level 10.4 Axes
 - Level 2.4 Armour
 + Level 5.5 Dodging


You had 8 spell levels left.
You didn't know any spells.

Dungeon Overview and Level Annotations

Branches:
Dungeon (8/15)             Temple (0/1) D:4
   Lair: D:8-11

Altars:
Cheibriados
Okawaru
Sif Muna
Vehumet
Zin
The Shining One

Shops:
D:6 =

Annotations:
D:8 Gastronok


Innate Abilities, Weirdness & Mutations

You reflexively headbutt those who attack you in melee.
You have a pair of horns on your head.


Message History

* * * LOW HITPOINT WARNING * * *
You hit Gastronok.
Gastronok is heavily wounded.
You slash Gastronok!
You headbutt Gastronok, but do no damage.
Gastronok is heavily wounded.
You hit Gastronok.
Gastronok is heavily wounded.
Gastronok casts a spell.
Gastronok puts on a burst of speed!
Your chain mail prevents you from hitting Gastronok.
Gastronok is heavily wounded.
You slice Gastronok!!
Gastronok is severely wounded.
You slash Gastronok! You headbutt Gastronok.
Gastronok is severely wounded.
You hit Gastronok.
Gastronok is severely wounded.
Gastronok bites you!!
You die...

..... #........
.....##........
.............. ####+####
#............ ........#
#............ #.!....#
#.........# #../...#
#.........#
##......#####......(.#.#
%....)w@'...............
##......########.#######
#......# #.# #......#
#.####### ########
#........ ######### #


You could see Gastronok.

Vanquished Creatures
  A two-headed ogre (D:8)
  A hippogriff (D:7)
  Sigmund (D:2)
  The ghost of tmwrnj the Chopper, an amateur HOFi (D:3)
  A sky beast (D:8)
  2 centaurs
  An ogre (D:5)
  A bullfrog (D:6)
  A scorpion (D:4)
  2 howler monkeys (D:4)
  A centaur zombie (D:6)
  A crimson imp (D:5)
  3 hounds
  3 orc wizards
  3 centaur skeletons
  An orc priest (D:3)
  2 bullfrog skeletons
  Ijyb (D:5)
  2 iguanas
  4 worker ants
  A hound skeleton (D:7)
  6 adders
  5 gnolls
  A shadow imp (D:6)
  2 worms (D:2)
  3 dart slugs
  2 leopard geckos
  15 orcs
  A ball python (D:7)
  5 giant cockroaches
  4 goblins
  8 hobgoblins
  3 jackals (D:2)
  4 kobolds
  5 quokkas
  4 bats
  10 frilled lizards
  A jackal skeleton (D:5)
  A jackal zombie (D:5)
  A leopard gecko skeleton (D:5)
  A quokka zombie (D:5)
  12 rats
128 creatures vanquished.

Vanquished Creatures (others)
  2 plants (D:8)
2 creatures vanquished.

Grand Total: 130 creatures vanquished

Notes
Turn   | Place    | Note
-------+----------+-------------------------------------------
     0 | D:1      | Savaroth the Minotaur Berserker began the quest for the Orb.
     0 | D:1      | Reached XP level 1. HP: 19/19 MP: 0/0
   241 | D:1      | Reached XP level 2. HP: 16/27 MP: 1/1
   803 | D:2      | Noticed Sigmund
   819 | D:2      | Killed Sigmund
   819 | D:2      | Reached skill level 5 in Fighting
   819 | D:2      | Reached skill level 5 in Axes
   819 | D:2      | Reached XP level 3. HP: 37/37 MP: 2/2
   819 | D:2      | Reached XP level 4. HP: 44/44 MP: 3/3
   819 | D:2      | Reached XP level 5. HP: 50/50 MP: 4/4
   833 | D:2      | Reached ** piety under Trog
  1288 | D:3      | Found an iron altar of Okawaru.
  1363 | D:3      | Noticed tmwrnj's ghost (amateur HOFi)
  1378 | D:3      | Killed tmwrnj's ghost
  1378 | D:3      | Reached XP level 6. HP: 43/58 MP: 5/5
  1915 | D:3      | Reached *** piety under Trog
  2011 | D:3      | Found a faded altar of an unknown god.
  2163 | D:3      | Found a glowing golden altar of the Shining One.
  2252 | D:4      | Reached XP level 7. HP: 49/66 MP: 6/6
  2303 | D:4      | Found a staircase to the Ecumenical Temple.
  2915 | D:4      | Got a faintly glowing ring mail
  2920 | D:4      | Identified the cursed +1 ring mail of the Louse {Str+3 Stlth+} (You found it on level 4 of the Dungeon)
  3055 | D:5      | Entered Level 5 of the Dungeon
  3251 | D:5      | Noticed Ijyb
  3260 | D:5      | Killed Ijyb
  3421 | D:5      | Reached XP level 8. HP: 74/75 MP: 7/7
  3743 | D:6      | Found a deep blue altar of Sif Muna.
  3744 | D:6      | Reached **** piety under Trog
  3917 | D:6      | Found an iron altar of Okawaru.
  4021 | D:6      | Found a radiant altar of Vehumet.
  4188 | D:6      | Found Aganwuh's Jewellery Boutique.
  4348 | D:7      | Found a glowing silver altar of Zin.
  4369 | D:7      | Noticed a hippogriff
  4374 | D:7      | Killed a hippogriff
  4821 | D:7      | Found a snail-covered altar of Cheibriados.
  5032 | D:8      | Noticed a two-headed ogre
  5054 | D:8      | HP: 2/118 [two-headed ogre/giant club (13)]
  5057 | D:8      | Killed a two-headed ogre
  5057 | D:8      | Reached skill level 10 in Fighting
  5057 | D:8      | Reached skill level 10 in Axes
  5057 | D:8      | Reached skill level 5 in Dodging
  5057 | D:8      | Reached XP level 9. HP: 3/86 MP: 8/8
  5562 | D:8      | Noticed Gastronok
  5581 | D:8      | Mangled by Gastronok

Skill      XL: |  1  2  3  4  5  6  7  8 |
---------------+-------------------------+-----
Fighting       | 4 5 6 7 8 10 | 10.4
Axes           | 4 5 6 7 8 10 | 10.4
Dodging        | 5 |  5.5
Armour         | |  2.4

Action                   |  1- 3 |  4- 6 |  7- 9 || total
-------------------------+-------+-------+-------++-------
Melee: Hand axe          |    53 |   149 |   225 ||   427
       Headbutt          |     6 |    20 |    54 ||    80
Invok: Berserk           |     1 |     1 |     3 ||     5
       Trog's Hand       |       |       |     1 ||     1
       Burn Spellbooks   |       |       |     1 ||     1
  Use: Scroll            |       |       |     7 ||     7
  Eat: Chunk             |       |     6 |    10 ||    16
       Meat ration       |       |       |     1 ||     1
Armor: Chain mail        |    20 |    85 |    77 ||   182
Dodge: Dodged            |    24 |    54 |    80 ||   158
